Map: 贝克特工业-天梯版

Players

玩家2

  • Race: Zerg Zerg

CommandeR

  • Race: Protoss Protoss
  • League: Diamond

VOD

Have the link to the VOD?

Description

Time

  • Played on: March 6, 2022, 9:23 p.m.
  • Length: 5:36
Show
View Real Time Build Order
Export as new Build Order

玩家2 Zerg 

Build Orders: Pool Only 

Get SALT Encoding   

  12  0:01  Drone  
  13  0:12  Overlord  
  13  0:16  Drone  
  14  0:36  Spawning Pool  
  14  0:39  Drone, Extractor  
  13  0:47  Drone  
  14  0:52  Overlord  
  14  1:23  Zergling x2, Queen  
  17  1:31  Roach Warren  
  16  1:35  Drone  
  16  1:38  Extractor  
  16  1:42  Drone  
  16  1:43  Zergling x2  
  18  1:56  Drone  
  19  2:03  Zergling x2  
  19  2:07  Drone  
  21  2:18  Drone  
  22  2:28  Drone  
  23  2:30  Overlord  
  23  2:36  Drone  
  24  2:43  Drone  
Show
View Real Time Build Order
Export as new Build Order

CommandeR Protoss 

Build Orders: 1 Gate Expand 

Get SALT Encoding   

  12  0:00  Probe  
  13  0:12  Probe  
  14  0:19  Pylon  
  14  0:24  Probe  
  15  0:37  Probe (Chrono Boost)  
  15  0:38  Gateway  
  16  0:49  Probe (Chrono Boost), Assimilator  
  17  0:54  Probe (Chrono Boost)  
  18  1:03  Probe  
  19  1:15  Probe  
  20  1:24  Nexus  
  20  1:34  Cybernetics Core  
  20  1:37  Probe  
  21  1:45  Assimilator  
  21  1:49  Probe  
  21  1:52  Pylon  
  22  2:02  Probe  
  23  2:10  Adept  
  25  2:17  Probe  
  25  2:21  Stargate  
  26  2:29  Probe (Chrono Boost)  
  27  2:31  Warp Gate  
  27  2:40  Probe (Chrono Boost)  
  27  2:41  Probe (Chrono Boost)  
  27  2:42  Stalker  
  31  2:47  Probe (Chrono Boost)  
  31  2:50  Probe (Chrono Boost)  
  34  3:00  Void Ray (Chrono Boost), Probe (Chrono Boost)  
  34  3:01  Probe (Chrono Boost)  
  35  3:06  Probe (Chrono Boost)  
  40  3:26  Robotics Facility  
  40  3:31  Pylon  
  40  3:47  Twilight Council  
  40  3:54  Gateway  
  40  3:55  Gateway  
  40  3:58  Gateway  
  40  3:59  Gateway  
  40  4:01  Gateway  
  40  4:04  Gateway  
  40  4:11  Warp Prism (Chrono Boost)  
  42  4:21  Zealot  
  44  4:29  Gateway  
  44  4:32  Pylon  
  44  4:34  Pylon  
  44  4:35  Pylon  
  44  4:36  Pylon  
  44  4:41  Zealot  
  46  5:00  Zealot x4  
  46  5:01  Zealot x2  
  46  5:05  Zealot  
  60  5:21  Zealot  
  60  5:22  Zealot x3  
  60  5:23  Zealot  
  60  5:27  Zealot  
  72  5:31  Zealot  
  72  5:35  Zealot  
Tags
 
Add a new tag
Caveats
  • Supply blocks, unpowered buildings, or Contaminate may cause inaccurate times.
  • Supply counts are checked every 10 seconds.